 Dungeon Crawl Stone Soup version 0.29-a0-582-ge82337ba6a (webtiles) character file.

Game seed: 7243521085337896002

25 tilp the Grave Robber (level 2, -6/21 HPs)
             Began as a Mummy Necromancer on June 14, 2022.
             Mangled by Natasha (9 damage)
             ... on level 2 of the Dungeon.
             The game lasted 00:02:49 (1105 turns).

tilp the Grave Robber (Mummy Necromancer)           Turns: 1105, Time: 00:02:49

Health: -6/21      AC:  2    Str: 11    XL:     2   Next: 82%
Magic:  0/5        EV: 12    Int: 14    God:
Gold:   33         SH:  0    Dex: 12    Spells: 5/6 levels left

rFire   . . .      SeeInvis .   a - +0 short sword
rCold   + . .      Faith    .   (no shield)
rNeg    + + +      Spirit   .   g - +0 robe {rF+}
rPois   ∞          Reflect  .   (no helmet)
rElec   .          Harm     .   (no cloak)
rCorr   .          Rampage  .   (no gloves)
Will    .....                   (no boots)
Stlth   ++........              (no amulet)
HPRegen 0.07/turn               (no ring)
MPRegen 0.09/turn               (no ring)

@: slowed, very slow
A: cold resistance 1, negative energy resistance 3, torment resistance 2, heat
vulnerability 1, no potions
a: no special abilities


You were on level 2 of the Dungeon.
You visited 1 branch of the dungeon, and saw 2 of its levels.

You collected 57 gold pieces.
You spent 24 gold pieces at shops.

Inventory:

Hand Weapons
 a - a +0 short sword (weapon)
 b - a +0 hand axe
Missiles
 e - 26 stones (quivered)
Armour
 g - a +0 robe of fire resistance (worn)
Scrolls
 c - a scroll of teleportation
 d - 2 scrolls of identify
 f - a scroll of fog
 h - a scroll of brand weapon


   Skills:
 * Level 1.1 Fighting
 + Level 1.9 Dodging
 + Level 1.8 Stealth
 + Level 2.8 Spellcasting
 * Level 4.2 Necromancy


You had 5 spell levels left.
You knew the following spells:

 Your Spells              Type           Power      Damage    Failure   Level
a - Necrotize             Necr           52%        1d6       3%          1

Your spell library contained the following spells:

 Spells                   Type           Power      Damage    Failure   Level
 Vampiric Draining        Necr           13%        2d6       12%         3
 Animate Dead             Necr           13%        N/A       36%         4
 Ignite Poison            Fire/Tmut/Pois 2%         N/A       54%         3
 Mephitic Cloud           Conj/Pois/Air  2%         N/A       54%         3
 Agony                    Necr           13%        N/A       71%         5
 Freezing Cloud           Conj/Ice/Air   1%         6-21      99%         5


Dungeon Overview and Level Annotations

Branches:
Dungeon (2/15)

Altars:

Shops:
D:1 *

Annotations:
D:2 Natasha


Innate Abilities, Weirdness & Mutations

You are immune to poison.
Your flesh is cold resistant. (rC+)
You are immune to negative energy. (rN+++)
You are immune to unholy pain and torment.
You are vulnerable to heat. (rF-)
You do not drink.


Message History

Natasha shimmers violently.
Unknown command.
Casting: Necrotize (safe; 3% risk of failure)
Confirm with . or Enter, or press ? or * to list all spells.
Aiming: Necrotize (safe; 3% risk of failure)
Press: ? - help, Shift-Dir - straight line, f/p - Natasha
Aim: Natasha (moderately wounded, chance to affect: 69%) Natasha writhes in agony.
Unknown command.
You barely miss Natasha.
Natasha is heavily wounded.
Natasha stares at you and mumbles some strange words.
You feel yourself slow down.
You hit Natasha.
Natasha is severely wounded.
Natasha claws you! Natasha closely misses you.
You barely miss Natasha.
Natasha is severely wounded.
Natasha claws you.
You hit Natasha but do no damage.
Natasha is severely wounded.
Natasha claws you!
* * * LOW HITPOINT WARNING * * *
Natasha closely misses you.
Casting: Necrotize (safe; 3% risk of failure)
Confirm with . or Enter, or press ? or * to list all spells.
Aiming: Necrotize (safe; 3% risk of failure)
Press: ? - help, Shift-Dir - straight line, f/p - Natasha
Aim: Natasha (severely wounded, chance to affect: 69%) Natasha struggles to resist.
Natasha closely misses you.
Unknown command.
Casting: Necrotize (safe; 3% risk of failure)
Confirm with . or Enter, or press ? or * to list all spells.
Aiming: Necrotize (safe; 3% risk of failure)
Press: ? - help, Shift-Dir - straight line, f/p - Natasha
Aim: Natasha (severely wounded, chance to affect: 69%) Natasha writhes in agony.
Natasha casts a spell at you. You resist with significant effort.
Natasha claws you!
You die...

$...# ....#
######....
....+..)#
#...#...##
#!..#....###.#
#...##h.......
#...##@.#
#.+...'...#
#.#...##.##
#.#...##...
#.#...###.##
#.#...# ..
#.#...# ###
#.#.#####
#.#.....#


You could see Natasha.

Vanquished Creatures
  2 endoplasms
  A giant cockroach (D:1)
  A goblin (D:1)
  3 kobolds (D:1)
  3 quokkas (D:1)
  3 ball pythons (D:1)
  3 bats
  2 frilled lizards (D:1)
  5 rats (D:1)
23 creatures vanquished.

Vanquished Creatures (collateral kills)
  A quokka (D:1)
  A frilled lizard (D:1)
2 creatures vanquished.

Grand Total: 25 creatures vanquished

Notes
Turn   | Place    | Note
-------+----------+-------------------------------------------
     0 | D:1      | tilp the Mummy Necromancer began the quest for the Orb.
     0 | D:1      | Reached XP level 1. HP: 13/13 MP: 4/4
    74 | D:1      | Found Hagookk's General Store.
   135 | D:1      | Bought a scroll of identify for 24 gold pieces
   150 | D:1      | Found a faded altar of an unknown god.
   224 | D:1      | Reached XP level 2. HP: 19/20 MP: 3/5
   658 | D:1      | Reached skill level 1 in Fighting
  1094 | D:2      | Noticed Natasha
  1105 | D:2      | Mangled by Natasha

Illustrated notes

Levels and vault maps discovered:
D:1:      tarquinn_simple_flora_water_e, layout_rooms,
          dreamdust_ecumenical_altar_statues, serial_shops, shop, st_stairs_12,
          minmay_quantized
D:2:      minmay_door_path, layout_basic, minmay_box_of_dots, uniq_natasha

Skill      XL: |  1  2 |
---------------+-------+-----
Fighting       | 1 |  1.1
Dodging        | |  1.9
Stealth        | |  1.8
Spellcasting   | |  2.8
Necromancy     | |  4.2

Action                   || total
-------------------------++-------
Melee: Hand axe          ||     2
       Short sword       ||    14
 Cast: Necrotize         ||    46
  Use: Scroll            ||     3
Armor: Robe              ||     3
Dodge: Dodged            ||    21

Table legend: (Time is in decaauts)
 A = Elapsed time spent in this place.
 B = Non-inter-level travel time spent in this place.
 C = Inter-level travel time spent in this place.
 D = Time resting spent in this place.
 E = Time spent auto-exploring this place.
 F = Levels seen in this place.
 G = Mean time per level.
                   A        B        C        D        E       F      G
               +--------+--------+--------+--------+--------+-----+--------+
         Total |   1107 |   1080 |     27 |    164 |    722 |   2 |  553.5 |
       Dungeon |   1107 |   1080 |     27 |    164 |    722 |   2 |  553.5 |
               +--------+--------+--------+--------+--------+-----+--------+

Top non-repeatable levels by time:
     D:1: 997 daAuts
     D:2: 110 daAuts
